cohdb
Replays
Latest Replays
All Replays
Popular Replays
Top Player Replays
Match Explorer
How It Works
Community
CoH3 Stats
Reddit
Sign in to upload your games and track your stats! →
Sign in with Steam
Match 43096518
Unlisted
Match 43096518
Overview
Messages
Build Orders
End
Construct Section Command Post
Infantry Section
Infantry Section
Vickers Machine Gun Team
Selects Canadian Shock Battlegroup
Selects Canadian Shock Battlegroup
Selects Canadian Shock Battlegroup
Selects Attacking Spirit
Selects Canadian Shock Section
Canadian Shock Section
Construct Platoon Command Post
Selects Incendiary Munitions
CMP 15cwt Truck
Unlock Bishop Self-propelled Artillery
Infantry Section
Light Vehicle Training
Selects Pyrotechnics
Bishop Self-propelled Artillery
Bishop Self-propelled Artillery
Grenade Package
MatioS
Zbirga
Raiden
Dirkradix
hooveric
tadeosotomayor9
Dark Angels
WuTFaCe
0
0
Comments
sign in to comment!
No comments posted yet!